 Dungeon Crawl Stone Soup version 0.28-a0-1555-g9ae15a6949 (webtiles) character file.

Game seed: 16063708845140892149

144 issech the Cudgeller (level 5, -4/53 HPs)
             Began as a Troll Fighter on Jan 18, 2022.
             Was an Initiate of Gozag.
             Killed by nerve-wracking pain
             ... invoked by an orc priest
              (9 damage)
             ... on level 3 of the Dungeon.
             The game lasted 00:12:41 (2190 turns).

issech the Cudgeller (Troll Fighter)                Turns: 2190, Time: 00:12:41

Health: -4/53      AC:  4    Str: 26    XL:     5   Next: 5%
Magic:  4/4        EV:  9    Int:  4    God:    Gozag
Gold:   99         SH:  7    Dex:  9    Spells: 4/4 levels left

rFire   . . .      SeeInvis .   a - +0 flail
rCold   . . .      Faith    .   c - +0 kite shield
rNeg    . . .      Spirit   .   b - +0 robe
rPois   .          Reflect  .   (helmet restricted)
rElec   .          Harm     .   (no cloak)
rCorr   .          Rampage  .   (gloves unavailable)
Will    .....                   (boots unavailable)
Stlth   +.........              t - amulet of magic regeneration
HPRegen 0.97/turn               (no ring)
MPRegen 0.49/turn               (no ring)

@: gold aura
A: large, unfitting armour, claws 3, regeneration 1, shaggy fur 1, tough skin 1
a: Renounce Religion, Potion Petition, Call Merchant, Bribe Branch


You were on level 3 of the Dungeon.
You worshipped Gozag.
Gozag was noncommittal.
You visited 1 branch of the dungeon, and saw 4 of its levels.

You collected 130 gold pieces.
You paid 31 gold pieces to Gozag.

Inventory:

Hand Weapons
 a - a +0 flail (weapon)
Missiles
 l - 20 arrows
 m - a throwing net
 s - 22 stones
 H - a large rock (quivered)
Armour
 b - a +0 robe (worn)
 c - a +0 kite shield (worn)
Jewellery
 t - an amulet of magic regeneration (around neck)
Scrolls
 g - a scroll of noise {unknown}
 h - 2 scrolls of magic mapping {unknown}
 i - a scroll of summoning
 q - 2 scrolls of fog {unknown}
 v - a scroll of teleportation {unknown}
 w - a scroll of holy word {unknown}
 A - 2 scrolls of identify {unknown}
 B - a scroll of amnesia {unknown}
Potions
 d - 3 potions of might
 e - a potion of ambrosia {unknown}
 o - 2 potions of mutation {unknown}
 N - 2 potions of curing {unknown}


   Skills:
 + Level 3.0 Fighting
 + Level 3.2 Maces & Flails
 + Level 3.1 Dodging
 + Level 0.1 Stealth
 + Level 3.0 Shields


You had 4 spell levels left.
You didn't know any spells.
Your spell library was empty.

Dungeon Overview and Level Annotations

Branches:
Dungeon (4/15)
 Temple: D:4-7

Altars:
Gozag
Qazlal


Innate Abilities, Weirdness & Mutations

You are too large for most types of armour.
You have claws for hands.
Your natural rate of healing is unusually fast.
You are covered in fur. (AC +1)
You have tough skin. (AC +1)


Message History

The orc priest hits you with a +0 hand axe.
You hear some strange, mumbled words.
Something tries to affect you, but you resist.
The orc priest invokes the aid of Beogh against you.
Beogh smites you!
You sock something! Something hits you.
* * * LOW HITPOINT WARNING * * *
The orc priest barely misses you.
You hear some strange, mumbled words.
A magic dart appears from out of thin air!
The magic dart hits you.
* * * LOW HITPOINT WARNING * * *
Unknown command.
The orc priest hits you with a +0 hand axe.
* * * LOW HITPOINT WARNING * * *
You hear some strange, mumbled words.
A magic dart appears from out of thin air!
The magic dart hits you.
* * * LOW HITPOINT WARNING * * *
You climb upwards.
Reactivating autopickup.
There is a stone staircase leading down here.
You closely miss the orc priest.
The orc priest is lightly wounded.
The orc priest miscasts a cantrip.
Something hits you.
* * * LOW HITPOINT WARNING * * *
Deactivating autopickup; reactivate with Ctrl-A.
The orc priest looks satisfied for a moment.
You sock the orc priest!
The orc priest is severely wounded.
You block something's attack.
The orc priest looks braver for a moment.
Something hits you but does no damage.
You hit the orc priest.
The orc priest is severely wounded.
The orc priest invokes the aid of Beogh against you.
Pain shoots through your body!
You die...
Your body crumbles into a pile of gold.

##.###..# #.#####
##.#.#.# #.#####
#..##.# #...... #..##.#
####### #..##.### #
#.......#######
###..#...........
####....#..#.#######
#..@o......#.#######
#.##.#..##.........#
#.##.#..####.#####.#
##.##.#.......# #.#
#..##.##.######## #..
#.###.##...<....# ###
#.###...#.......#
####.##............#
####...#..............#


You could see an orc priest.

Vanquished Creatures
  A howler monkey (D:3)
  3 adders (D:2)
  A worm (D:2)
  3 dart slugs
  3 orcs
  5 ball pythons
  6 endoplasms
  2 giant cockroaches
  8 goblins
  7 hobgoblins
  2 jackals (D:1)
  6 kobolds
  2 quokkas
  2 bats
  8 frilled lizards
  7 rats
66 creatures vanquished.

Notes
Turn   | Place    | Note
-------+----------+-------------------------------------------
     0 | D:1      | issech the Troll Fighter began the quest for the Orb.
     0 | D:1      | Reached XP level 1. HP: 22/22 MP: 0/0
   117 | D:1      | Reached XP level 2. HP: 27/29 MP: 1/1
   243 | D:1      | Found a faded altar of an unknown god.
   765 | D:2      | Reached XP level 3. HP: 36/36 MP: 2/2
  1159 | D:2      | Reached XP level 4. HP: 25/44 MP: 3/3
  1875 | D:3      | Reached XP level 5. HP: 53/53 MP: 4/4
  1965 | D:3      | Found an opulent altar of Gozag.
  1966 | D:3      | Found a stormy altar of Qazlal.
  1978 | D:3      | Became a worshipper of Gozag Ym Sagoz the Greedy
  2186 | D:4      | HP: 2/53 [something/magic dart (6)]
  2190 | D:3      | Killed from afar by an orc priest

Illustrated notes

Levels and vault maps discovered:
D:1:      lemuel_arrival_behind_the_door_large, layout_basic,
          hellmonk_ecumenical_altar_crossroads
D:2:      layout_basic, grunt_decor_resistance, kennysheep_generic_room_2
D:3:      layout_loops_ring, chequers_temple_overflow_statue_of_worship
D:4:      layout_loops_cross

Skill      XL: |  1  2  3  4 |
---------------+-------------+-----
Maces & Flails | 2 3 |  3.2
Dodging        | 3 |  3.1
Fighting       | 3 |  3.0
Shields        | 3 |  3.0
Stealth        | |  0.1

Action                   |  1- 3 |  4- 6 || total
-------------------------+-------+-------++-------
Melee: Flail             |   156 |    55 ||   211
Throw: Large rock        |       |    10 ||    10
  Use: Scroll            |       |     1 ||     1
Armor: Robe              |    55 |    18 ||    73
Dodge: Dodged            |    58 |    28 ||    86
Block: Kite shield       |    71 |    14 ||    85

Table legend: (Time is in decaauts)
 A = Elapsed time spent in this place.
 B = Non-inter-level travel time spent in this place.
 C = Inter-level travel time spent in this place.
 D = Time resting spent in this place.
 E = Time spent auto-exploring this place.
 F = Levels seen in this place.
 G = Mean time per level.
                   A        B        C        D        E       F      G
               +--------+--------+--------+--------+--------+-----+--------+
         Total |   2291 |   2167 |    124 |      0 |    990 |   4 |  572.8 |
       Dungeon |   2291 |   2167 |    124 |      0 |    990 |   4 |  572.8 |
               +--------+--------+--------+--------+--------+-----+--------+

Top non-repeatable levels by time:
     D:3: 817 daAuts
     D:2: 808 daAuts
     D:1: 655 daAuts
     D:4: 10 daAuts
